Unix NetHack Version 5.0.0-0 post-release - last build May 22 2026 02:22:16 (99d1c3b6dc4b13757aaa5824b55bdea4e1e63757,branch:main).

Game began 2026-05-22 23:09:06, ended 2026-05-22 23:45:45.

BeardyHaddock, neutral male gnomish Archeologist

                                                                    #  #
                                         ----                      -------
     -----------        ---------        |..|                      |.{...+#
     |.........|        |.......|        |..|               #   ###.e.....#
     |..........########.........#       ----       ----------  # #|.....|#
     |.........|        --.------#                 #.........|  # #-------#
     |.........|          #      #                 #|.........### # #  #  #
     -----+-----          #      #                ##|........|    #       #
          ####            #      #                # |........|    #      ##
           # #          ###    ###               ## ----.-----    #     ##
         ### #          #      #-------------- ###      ####      #     #
         #   ###        #      #|............| #           #      #     #-----
         #   --|-----------    #|............|##           #      #     #|.[[|
        ##   |...>........|    #..............#            #      #     #|.[.|
      ###    |............|     |............|#            ###    #     #-..[|
  ----+-     |............|     |......`.....|################### #      |.).|
  |....|     |......._....|     --------------             --.--|-#      |.))|
  |....-#####|............|            #              d@###-f.....#      -----
  |....|    #--------------                    ########    |.<...|
  ------    ####################################           -------

BeardyHaddock the Field Worker  St:14 Dx:9 Co:17 In:16 Wi:13 Ch:8  Neutral
Dlvl:4  $:2738 HP:0(19) Pw:13(13) AC:9  Xp:3 T:2353 

Latest messages:
 You see here a leather jacket (for sale, 13 zorkmids).
 What do you want to drop? [$a-df-jmnprwx or ?*] ?
 You drop a runed spear.
 Siirt offers 2 gold pieces for your runed spear.  Sell it? [ynaq] (n) y
 An elven spear; you sold it for 2 gold pieces.
 You see here a pair of fencing gloves (for sale, 11 zorkmids).
 "For you, esteemed sir; only 11 zorkmids for this pair of fencing gloves."
 y - a pair of fencing gloves (unpaid, 11 zorkmids).
 You see here a banded mail (for sale, 120 zorkmids).
 That strange object is a small mimic!
 The kitten picks up a Hawaiian shirt.
 The small mimic hits!
 a - a +2 bullwhip (weapon in right hand).
 You have no secondary weapon readied.
 A pair of leather gloves; you bought it for 11 gold pieces.
 "Thank you for shopping in Siirt's used armor dealership!"
 You see here a pair of hiking boots (for sale, 37 zorkmids).
 "For you, honored sir; only 37 zorkmids for this pair of hiking boots."
 z - a pair of hiking boots (unpaid, 37 zorkmids).
 You see here a ring mail (for sale, 133 zorkmids).
 You see here a coarse mantelet (for sale, 53 zorkmids).
 The kitten drops a Hawaiian shirt.
 You bought a pair of hiking boots for 37 gold pieces.
 "Thank you for shopping in Siirt's used armor dealership!"
 You stop.  Your kitten is in the way!
 You see here a ring mail (for sale, 133 zorkmids).
 You see here a +0 pick-axe.
 e - a +0 pick-axe.
 What do you want to wield? [- aem or ?*] e
 e - a +0 pick-axe (weapon in right hand).
 You feel strong!
 You must have been exercising diligently.
 You feel tough!
 You must have been leading a healthy life-style.
 You hear the footsteps of a guard on patrol.
 You swap places with your kitten.
 The door resists!
 The door opens.
 You see a door open.
 You kill the gecko!
 The kitten bites the gnome zombie.
 The gnome zombie is destroyed!
 The little dog bites!
 The little dog bites!
 You miss the little dog.
 The little dog bites!
 The little dog bites!
 You die...
 Do you want your possessions identified? [ynq] (y) y
 Do you want to see your attributes? [ynq] (y) q

Inventory:
 Coins    ('$')
  $ - 2738 gold pieces
 Weapons  (')')
  m - 2 +0 darts
  a - a +2 bullwhip
 Armor    ('[')
  c - an uncursed +0 fedora (being worn)
  y - an uncursed +0 pair of leather gloves
  z - a blessed +2 pair of elven boots
  b - an uncursed +0 leather jacket (being worn)
 Comestibles  ('%')
  r - an uncursed cram ration
  d - 5 uncursed food rations
 Scrolls  ('?')
  n - a blessed scroll of identify
  i - an uncursed scroll of teleportation
 Tools    ('(')
  h - an empty uncursed sack
  w - an expensive camera (0:94)
  p - an expensive camera (0:57)
  e - a +0 pick-axe (weapon in right hand)
  j - an uncursed tin whistle
  f - a tinning kit (0:86)
 Gems/Stones  ('*')
  g - an uncursed touchstone

BeardyHaddock the Archeologist's attributes:

Background:
 You were a Field Worker, a level 3 male gnomish Archeologist.
 You were neutral, nominally on a mission for Camaxtli
 who was opposed by Quetzalcoatl (lawful) and Huhetotl (chaotic).
 You were right-handed.
 You were in the Dungeons of Doom, on level 4.
 You entered the dungeon 2353 turns ago.
 It was nighttime.
 You had 58 experience points, 22 more were needed to attain level 4.

Basics:
 You had 0 out of 19 hit points.
 You had all 13 energy points (spell power).
 Your armor class was 9.
 Your wallet contained 2738 zorkmids.
 Autopickup was off.

Final Characteristics:
 Your strength was 14 (limit:18/50).
 Your dexterity was 9 (limit:18).
 Your constitution was 17 (limit:18).
 Your intelligence was 16 (limit:19).
 Your wisdom was 13 (limit:18).
 Your charisma was 8 (limit:18).

Final Status:
 You weren't hungry.
 You were unencumbered.
 You were wielding a pick-axe.
 You had basic skill with pick-axe.

Final Attributes:
 You were piously aligned.
 You had automatic searching.
 You had infravision.
 You were lucky.
 You are dead.

Miscellaneous:
 You didn't encounter any bones levels.
 Total elapsed playing time was 36 minutes and 39 seconds.

Major events:
 Turn
    1: BeardyHaddock the neutral male gnomish Archeologist entered the dungeon
 1816: attained the rank of Field Worker (level 3)
 2353: killed by a little dog

You didn't know any spells.

Skills:
 Fighting Skills
   bare handed combat [Unskilled]
   two weapon combat  [Unskilled]
   riding             [Unskilled]
 Weapon Skills
   dagger             [Unskilled]
   knife              [Unskilled]
   pick-axe           [Basic]
   short sword        [Unskilled]
   saber              [Unskilled]
   club               [Unskilled]
   quarterstaff       [Unskilled]
   sling              [Unskilled]
   dart               [Unskilled]
   boomerang          [Unskilled]
   whip               [Basic]
   unicorn horn       [Unskilled]
 Spellcasting Skills
   attack spells      [Unskilled]
   healing spells     [Unskilled]
   divination spells  [Unskilled]
   matter spells      [Unskilled]

Voluntary challenges:
 Character rerolling was not enabled.
 You were an atheist.
 You never genocided any monsters.
 You never polymorphed an object.
 You never changed form.
 You used no wishes.
Achievements:
 You attained the rank of Field Worker.
 You entered a shop.

 The Dungeons of Doom: levels 1 to 4
    Level 1:
       A fountain.
    Level 2:
       A fountain, a sink.
    Level 3:
    Level 4: <- You were here.
       An armor shop, an altar to Camaxtli, a fountain.
       Final resting place for
          you, killed by a little dog.


Vanquished creatures:
  a werejackal
  a gnome zombie
  3 geckos
  2 jackals
  2 foxes
  a kobold
  a goblin
  3 sewer rats
 11 grid bugs
  5 lichens
  8 newts
38 creatures vanquished.

No species were genocided or became extinct.

Game over:
                       ----------
                      /          \
                     /    REST    \
                    /      IN      \
                   /     PEACE      \
                  /                  \
                  |  BeardyHaddock   |
                  |     2738 Au      |
                  |   killed by a    |
                  |    little dog    |
                  |                  |
                  |                  |
                  |       2026       |
                 *|     *  *  *      | *
        _________)/\\_//(\/(/\)/\//\/|_)_______

Goodbye BeardyHaddock the Archeologist...

You died in The Dungeons of Doom on dungeon level 4 with 2847 points,
and 2738 pieces of gold, after 2353 moves.
You were level 3 with a maximum of 19 hit points when you died.

